 Dungeon Crawl Stone Soup version 0.23-a0-489-g205b0b61ae (webtiles) character file.

75 Gjsdbjksdjakkjcjekck the Vexing (level 4, 0/21 HPs)
             Began as a Spriggan Enchanter on Dec 2, 2018.
             Slain by a gnoll
             ... wielding a +0 whip
              (3 damage)
             ... on level 2 of the Dungeon.
             The game lasted 00:04:16 (2167 turns).

Gjsdbjksdjakkjcjekck the Vexing (SpEn)              Turns: 2167, Time: 00:04:17

Health: 0/21       AC:  2    Str:  4    XL:     4   Next: 11%
Magic:  10/20      EV: 18    Int: 17    God:
Gold:   66         SH:  0    Dex: 16    Spells: 2/11 levels left

rFire    . . .     SeeInvis +   f - +1 dagger (holy)
rCold    . . .     Gourm    .   (shield restricted)
rNeg     . . .     Faith    .   b - +0 robe
rPois    .         Spirit   .   (helmet restricted)
rElec    .         Reflect  .   (no cloak)
rCorr    .         Harm     .   (gloves unavailable)
MR       .....                  (boots unavailable)
Stlth    +++.......             (no amulet)
HPRegen  0.07/turn              c - ring of magical power
MPRegen  0.17/turn              (no ring)

@: very quick
A: very small, unfitting armour, see invisible, herbivore, speed 3, slow
metabolism 2
a: no special abilities


You were on level 2 of the Dungeon.
You were not hungry.

You visited 1 branch of the dungeon, and saw 2 of its levels.

You collected 66 gold pieces.

Inventory:

Hand Weapons
 a - a +1 dagger
 f - a +1 dagger of holy wrath (weapon)
Armour
 b - a +0 robe (worn)
Jewellery
 c - a ring of magical power (left hand)
Scrolls
 e - a scroll of identify
Potions
 i - a potion of haste
Comestibles
 d - 2 rations


   Skills:
 - Level 1.1 Short Blades
 - Level 3.0 Dodging
 - Level 4.4 Stealth
 + Level 4.3 Spellcasting
 + Level 5.0 Hexes


You had 2 spell levels left.
You knew the following spells:

 Your Spells              Type           Power        Failure   Level  Hunger
a - Ensorcelled Hibernat  Hex/Ice        ##....       9%          2    ##.....
b - Corona                Hex            ###....      1%          1    None
c - Confuse               Hex            ###.....     6%          3    ###....
d - Tukima's Dance        Hex            ###.....     6%          3    ###....

Your spell library contained the following spells:

 Spells                   Type           Power        Failure   Level  Hunger
 Dazzling Spray           Conj/Hex       ##....       16%         3    ###....


Dungeon Overview and Level Annotations

Branches:
Dungeon (2/15)

Altars:


Innate Abilities, Weirdness & Mutations

You are very small and have problems with some larger weapons.
You are too small for most types of armour.
You have supernaturally acute eyesight. (SInv)
You are a herbivore.
You cover ground extremely quickly.
You need to consume almost no food.


Message History

You struggle against the net.
c - a small gilded ring The gnoll misses you.
The adder hisses angrily.
You feel your magic capacity increase.
c - a ring of magical power (left hand)
The gnoll hits you but does no damage. The gnoll hits you with a +0 whip.
The adder bites you.
Unknown command.
You struggle against the net.
The gnoll hits you from afar with a +0 spear.
The adder bites you. The gnoll completely misses you.
You struggle against the net.
The adder bites you.
The gnoll hits you from afar with a +0 spear.
* * * LOW HITPOINT WARNING * * *
The gnoll hits you with a +0 whip.
* * * LOW HITPOINT WARNING * * *
You rip the net and break free!
The adder closely misses you. The gnoll misses you.
The gnoll hits you with a +0 whip.
You die...

..♣* **,** #♣.♣# #♣.#
#..♣**,,,*♣♣...♣♣♣..#
*,,,*,,,,,♣.........#
*,,***,,,*♣♣...♣♣♣..#
*,** **,** #♣.♣# #♣.#
,,* *,* ♣♣♣ ♣.# ,,**
**,** #♣.** #♣.#
,,,***,,,♣♣♣...♣♣♣..#
,,,,,,,,,.....gg@...#
,,,,,,,,,.....gS..###
*********##########


You could see 2 gnolls, an adder and a hobgoblin.

Vanquished Creatures
  An ooze (D:1)
  A worm (D:2)
  A dart slug (D:1)
  3 leopard geckos
  6 giant cockroaches
  A hobgoblin (D:2)
  13 jackals
  5 bats
  5 frilled lizards
  9 goblins
  6 kobolds
  7 rats
58 creatures vanquished.

Notes
Turn   | Place    | Note
-------+----------+-------------------------------------------
     0 | D:1      | Gjsdbjksdjakkjcjekck the Spriggan Enchanter began the quest
                  | for the Orb.
     0 | D:1      | Reached XP level 1. HP: 9/9 MP: 5/5
   334 | D:1      | Reached skill level 4 in Hexes
   334 | D:1      | Reached XP level 2. HP: 13/13 MP: 7/7
   338 | D:1      | Learned a level 2 spell: Ensorcelled Hibernation
   810 | D:1      | Reached XP level 3. HP: 16/16 MP: 9/9
   815 | D:1      | Learned a level 3 spell: Confuse
   819 | D:1      | Learned a level 3 spell: Tukima's Dance
  1819 | D:2      | Reached XP level 4. HP: 10/21 MP: 11/11
  2121 | D:2      | Reached skill level 5 in Hexes
  2167 | D:2      | Slain by a gnoll

Vault maps used:
D:1:      lightli_arrival_maybe_door_vault
D:2:      minmay_stone_trees_large

Skill      XL: |  1  2  3  4 |
---------------+-------------+-----
Spellcasting   | 3 4 |  4.3
Hexes          | 4 5 |  5.0
Short Blades   | |  1.1
Dodging        | |  3.0
Stealth        | |  4.4

Action                   |  1- 3 |  4- 6 || total
-------------------------+-------+-------++-------
Melee: Dagger            |   218 |    20 ||   238
 Cast: Corona            |     6 |       ||     6
       Ensorcelled Hiber |     5 |     4 ||     9
  Use: Scroll            |     4 |       ||     4
 Stab: Sleeping          |    19 |     5 ||    24
       Distracted        |     1 |       ||     1
Armor: Robe              |    23 |     1 ||    24
Dodge: Dodged            |   201 |    19 ||   220

Table legend:
 A = Non-vault XP
 B = Vault XP
 C = Vault XP percentage of total XP
 D = Non-vault monster count
 E = Vault monster count
 F = Vault count percentage of total count
                 A         B        C        D         E       F
            +---------+---------+-------+---------+---------+-------
      Total |     108 |       0 |   0.0 |      58 |       0 |   0.0
            +---------+---------+-------+---------+---------+-------
        D:1 |      53 |       0 |   0.0 |      28 |       0 |   0.0
        D:2 |      55 |       0 |   0.0 |      30 |       0 |   0.0
            +---------+---------+-------+---------+---------+-------
